 Dungeon Crawl Stone Soup version 0.31.0-11-ge490571c62 (webtiles) character file.

Game seed: 3889897959347402825

392 wooly the Magician (level 6, -4/32 HPs)
             Began as a Deep Elf Air Elementalist on Feb 7, 2024.
             Slain by Mrcake's ghost (15 damage)
             ... on level 4 of the Dungeon.
             The game lasted 00:10:23 (3929 turns).

wooly the Magician (Deep Elf Air Elementalist)      Turns: 3929, Time: 00:10:23

Health: -4/32      AC:  2    Str: 11    XL:     6   Next: 51%
Magic:  0/17       EV: 13    Int: 28    God:
Gold:   140        SH:  0    Dex: 15    Spells: 11/17 levels left

rFire   . . .        g - staff of air
rCold   . . .        (no shield)
rNeg    . . .        a - +0 robe
rPois   .            (no helmet)
rElec   +            (no cloak)
rCorr   .            (no gloves)
SInv    .            (no boots)
Will    .....        (no amulet)
Stlth   +++          b - +6 ring of strength
HPRegen 0.25/turn    e - +6 ring of intelligence
MPRegen 0.15/turn

%: no passive effects
@: sluggish, very slightly contaminated, very slow
A: no striking features
a: no special abilities


You were on level 4 of the Dungeon.
You visited 1 branch of the dungeon, and saw 4 of its levels.

You collected 233 gold pieces.
You spent 93 gold pieces at shops.

Inventory:

Armour
 a - a +0 robe (worn)
Magical Staves
 g - a staff of air (weapon)
Jewellery
 b - a +6 ring of strength (left hand)
 e - a +6 ring of intelligence (right hand)
Wands
 i - a wand of roots (5)
Scrolls
 h - a scroll of teleportation {unknown}
 j - a scroll of poison
Potions
 c - a potion of curing
 d - 2 potions of magic
 f - a potion of berserk rage {unknown}


   Skills:
 + Level 2.8 Dodging
 * Level 5.2 Stealth
 * Level 6.1 Spellcasting
 * Level 3.0 Conjurations
 + Level 4.0 Air Magic


You had 11 spell levels left.
You knew the following spells:

 Your Spells              Type           Power      Damage    Failure   Level
a - Shock                 Conj/Air       100%       1d9       1%          1
b - Static Discharge      Conj/Air       84%        3-7/arc   2%          2
c - Swiftness             Air            46%        N/A       3%          3

Your spell library contained the following spells:

 Spells                   Type           Power      Damage    Failure   Level
 Foxfire                  Conj/Fire      68%        2x1d7     3%          1
 Mephitic Cloud           Conj/Alch/Air  32%        N/A       7%          3
 Call Imp                 Summ           16%        N/A       9%          2
 Sublimation of Blood     Necr           8%         N/A       9%          2
 Dazzling Flash           Conj/Hex       34%        N/A       10%         3
 Airstrike                Air            23%        2d(4-20)  12%         4
 Silence                  Hex/Air        14%        N/A       58%         5
 Curse of Agony           Necr           8%         N/A       86%         5
 Plasma Beam              Fire/Air       14%        2x1d25    99%         6
 Starburst                Conj/Fire      8%         6d4       99%         6
 Summon Hydra             Summ           4%         N/A       100%        7


Dungeon Overview and Level Annotations

Branches:
Dungeon (4/15)
 Temple: D:4-7

Altars:
Hepliaklqana
Kikubaaqudgha

Shops:
D:1 (   D:3 =![*(

Annotations:
D:4 2 transporters, Mrcake's ghost, novice DgFi


Message History

Press: ? - help, Q - select action, (/) - cycle Shift-Dir - straight line, f/p - Mrcake's ghost
Aim: Mrcake's ghost (heavily damaged, 81% to hit)
You feel a surge of power!
The zap hits Mrcake's ghost but does no damage.
Mrcake's ghost is heavily damaged.
Mrcake's ghost hits you!
* * * LOW HITPOINT WARNING * * *
You feel better. Mrcake's ghost barely misses you.
Casting: Static Discharge (safe; 2% risk of failure)
Press: ? - help, Q - select action, (/) - cycle Dir - look around, f - activate You feel a surge of power!
You miscast Static Discharge.
You are very lightly contaminated with residual magic.
Nothing appears to happen.
Mrcake's ghost hits you but does no damage.
Casting: Static Discharge (safe; 2% risk of failure)
Press: ? - help, Q - select action, (/) - cycle Dir - look around, f - activate You feel a surge of power!
Mrcake's ghost is struck by an arc of lightning.
Mrcake's ghost is heavily damaged.
You resist.
You are struck by an arc of lightning.
Mrcake's ghost is struck by an arc of lightning.
Mrcake's ghost is heavily damaged.
The lightning grounds out.
Mrcake's ghost barely misses you.
Casting: Static Discharge (safe; 2% risk of failure)
Press: ? - help, Q - select action, (/) - cycle Dir - look around, f - activate You feel a surge of power!
Mrcake's ghost is struck by an arc of lightning.
Mrcake's ghost is severely damaged.
You resist.
You are struck by an arc of lightning.
Mrcake's ghost is struck by an arc of lightning!
Mrcake's ghost is severely damaged.
The lightning grounds out.
You start to feel a little faster.
Mrcake's ghost hits you!
* * * LOW HITPOINT WARNING * * *
You feel better. Mrcake's ghost hits you!
You die...

#.# ##.# #..<....# #.## #..#
#.......# ...# #.## ##.......#
#..## ##.######........# #...#
########..##............#
#.#.###..(.........####.......#
........####..#################
....########.#.........#...#
................@W.........#
.##.########.#.........#..[#
.##...........######.....>.#
.##.########.........###...#
..........>.........## #...#
.###.##......#...##..# #...#
..##....####.###.....###########
#.#.....####.###...............#
.......###...##.......##########


You could see Mrcake's ghost.

Vanquished Creatures
  A bombardier beetle (D:3)
  A hound (D:2)
  A jelly (D:4)
  Jessica (D:2)
  2 iguanas (D:4)
  Natasha (thrice) (D:2)
  7 adders
  A dart slug (D:2)
  An orc (D:4)
  9 endoplasms
  A giant cockroach (D:1)
  6 goblins
  8 hobgoblins
  3 jackals (D:1)
  11 kobolds
  6 quokkas
  6 ball pythons
  6 bats
  3 frilled lizards
  5 rats
82 creatures vanquished.

Notes
Turn   | Place    | Note
-------+----------+-------------------------------------------
     0 | D:1      | wooly the Deep Elf Air Elementalist began the quest for the
                  | Orb.
     0 | D:1      | Reached XP level 1. HP: 10/10 MP: 6/6
   297 | D:1      | Reached XP level 2. HP: 15/15 MP: 5/8
   593 | D:1      | Reached XP level 3. HP: 19/19 MP: 8/10
   596 | D:1      | Learned a level 2 spell: Static Discharge
   719 | D:1      | Found Cyatt's Weapon Boutique.
   850 | D:1      | Reached skill level 4 in Spellcasting
  1207 | D:2      | Noticed Jessica
  1210 | D:2      | Killed Jessica
  1284 | D:2      | Reached XP level 4. HP: 20/24 MP: 10/12
  1520 | D:2      | Noticed Natasha
  1527 | D:2      | Killed Natasha
  1625 | D:2      | Reached skill level 5 in Spellcasting
  1716 | D:2      | Noticed Natasha
  1722 | D:2      | Killed Natasha
  1723 | D:2      | Reached XP level 5. HP: 22/28 MP: 7/14
  1784 | D:2      | Noticed Natasha
  1793 | D:2      | Killed Natasha
  2259 | D:3      | Found Kumamn's Distillery.
  2265 | D:3      | Bought a potion of curing for 39 gold pieces
  2308 | D:3      | Found a hazy altar of Hepliaklqana.
  2454 | D:3      | Found an ancient bone altar of Kikubaaqudgha.
  2581 | D:3      | Found Efeidy's Assorted Antiques.
  2584 | D:3      | Bought a scroll labelled WIXOUD UMILOU for 27 gold pieces
  2584 | D:3      | Bought a scroll labelled JUCUAS ZEOBRUK for 27 gold pieces
  2606 | D:3      | Found Tuolloith's Antique Weapon Shop.
  2828 | D:3      | Found Kimofa's Antique Armour Shop.
  2885 | D:3      | Found Beix's Jewellery Shoppe.
  3060 | D:4      | Found a transporter.
  3073 | D:4      | Found a transporter.
  3148 | D:4      | Reached XP level 6. HP: 32/32 MP: 11/16
  3198 | D:4      | Reached skill level 5 in Stealth
  3202 | D:4      | Learned a level 3 spell: Swiftness
  3356 | D:4      | Found a runed translucent door.
  3356 | D:4      | Noticed Mrcake's ghost (novice DgFi)
  3667 | D:4      | Reached skill level 6 in Spellcasting
  3928 | D:4      | HP: 1/32 [Mrcake's ghost (12)]
  3929 | D:4      | Slain by Mrcake's ghost

Illustrated notes

Levels and vault maps discovered:
D:1:      dpeg_arrival_rooms_b, layout_basic, serial_shops,
          nicolae_lakefront_shop
D:2:      layout_rooms, supply_closet_lemuel, uniq_jessica, uniq_natasha
D:3:      layout_loops_corners, overflow_temple_1_default,
          kiku_gazebo_pond_becter, serial_shops, nicolae_lakefront_shop, shop,
          nicolae_shop_behind_doors, shop, shop
D:4:      gammafunk_steamed_eel, layout_rooms, hellmonk_ghost_happy_afterlife,
          nicolae_half_adder

Skill      XL: |  1  2  3  4  5  6 |
---------------+-------------------+-----
Stealth        | 3 4 5 |  5.2
Spellcasting   | 4 5 6 |  6.1
Conjurations   | 2 3 |  3.0
Air Magic      | 4 |  4.0
Dodging        | |  2.8

Action                     |  1- 3 |  4- 6 || total
---------------------------+-------+-------++-------
  Melee: Unarmed           |     2 |       ||     2
   Cast: Shock             |    71 |   138 ||   209
         Swiftness         |       |     2 ||     2
         Static Discharge  |       |     2 ||     2
    Use: Potion            |     1 |     2 ||     3
         Scroll            |     2 |     6 ||     8
 Armour: Robe              |     5 |    24 ||    29
  Dodge: Dodged            |     6 |    27 ||    33
